 Dungeon Crawl Stone Soup version 0.23-a0-270-gab6feb3 (webtiles) character file.

152 TheGoonsmith the Ducker (level 5, -3/55 HPs)
             Began as a Spriggan Enchanter on Sept 20, 2018.
             Slain by a worm (5 damage)
             ... on level 2 of the Dungeon on Oct 1, 2018.
             The game lasted 00:04:04 (2164 turns).

TheGoonsmith the Ducker (Spriggan Enchanter)        Turns: 2164, Time: 00:04:05

Health: -3/55      AC: 22    Str:  9    XL:     5   Next: 11%
Magic:  5/10       EV:  4    Int: 17    God:
Gold:   37         SH:  0    Dex: 17    Spells: 6/9 levels left

rFire    + . .     SeeInvis +   h - +0 short sword (elec)
rCold    + . .     Gourm    .   (shield restricted)
rNeg     + + +     Faith    .   (armour currently unavailable)
rPois    +         Spirit   .   (helmet currently unavailable)
rElec    +         Reflect  .   (cloak currently unavailable)
rCorr    +         Harm     .   (gloves unavailable)
MR       .....     NoTele   +   (boots unavailable)
Stlth    ..........             (no amulet)
HPRegen  0.18/turn              (no ring)
MPRegen  0.12/turn              (no ring)

@: berserking, lethally poisoned (-3 -> -6), tree-form, resistant, very quick
A: very small, unfitting armour, see invisible, herbivore, slow metabolism 2
a: no special abilities


You were on level 2 of the Dungeon.
You were not hungry.
You were a tree.
You visited 1 branch of the dungeon, and saw 2 of its levels.

You collected 37 gold pieces.

Inventory:

Hand Weapons
 a - a +1 dagger
 h - a +0 short sword of electrocution (weapon)
Armour
 b - a +0 robe (melded)
Scrolls
 c - 3 scrolls of remove curse {unknown}
 e - 5 scrolls of identify {unknown}
 f - a scroll of amnesia {unknown}
 i - 2 scrolls of teleportation {unknown}
 j - a scroll of enchant weapon {unknown}
 l - a scroll of noise {unknown}
 n - a scroll of fog {unknown}
 o - a scroll of blinking {unknown}
Potions
 g - a potion of resistance
Comestibles
 d - 5 rations


   Skills:
 + Level 0.3 Fighting
 - Level 3.7 Short Blades
 - Level 5.6 Dodging
 - Level 4.4 Stealth
 + Level 2.9 Spellcasting
 + Level 3.8 Hexes


You had 6 spell levels left.
You knew the following spells:

 Your Spells              Type           Power        Failure   Level  Hunger
a - Corona                Hex            ###....      3%          1    #......
b - Ensorcelled Hibernat  Hex/Ice        #.....       12%         2    ##.....

Your spell library contained the following spells:

 Spells                   Type           Power        Failure   Level  Hunger
 Confuse                  Hex            ###.....     11%         3    ###....
 Tukima's Dance           Hex            ###.....     11%         3    ###....
 Dazzling Spray           Conj/Hex       #.....       24%         3    ###....


Dungeon Overview and Level Annotations

Branches:
Dungeon (2/15)

Altars:

Annotations:
D:2 Robin


Innate Abilities, Weirdness & Mutations

You are very small and have problems with some larger weapons.
You are too small for most types of armour.
You have supernaturally acute eyesight. (SInv)
You are a herbivore.
((You cover ground extremely quickly.))
You need to consume almost no food.


Message History

You feel yourself moving faster!
You feel mighty! The adder bites you but does no damage.
The adder barely misses you.
You closely miss the adder.
The adder is heavily wounded.
* * * LOW HITPOINT WARNING * * *
You feel sick.
Unknown command.
You puncture the adder!
You kill the adder!
You cannot move.
* * * LOW HITPOINT WARNING * * *
You feel sick.
You barely miss the worm. You hit the worm.
The worm is moderately wounded.
You barely miss the worm.
The worm is moderately wounded.
* * * LOW HITPOINT WARNING * * *
You feel sick. The worm bites you.
You die...

###########
#.......†.. #####
#.#########
#...### #.#
#$....##########.#
#......lw♣)......#
##..#.#########..#
......... #..#
#K##..#>##.# #..#
.. ....#.# # #...
%. .%...#.# ...##
. ...#.#.. ..##
#.#.#.### #.#


You could see a worm and a leopard gecko.

Vanquished Creatures
  An ogre (D:2)
  2 adders (D:2)
  2 dart slugs (D:2)
  2 leopard geckos (D:2)
  5 bats
  2 giant cockroaches
  7 goblins
  11 hobgoblins
  3 jackals (D:1)
  A kobold (D:2)
  A quokka (D:2)
  A ball python (D:1)
  2 frilled lizards (D:1)
  A rat (D:2)
41 creatures vanquished.

Notes
Turn   | Place    | Note
-------+----------+-------------------------------------------
     0 | D:1      | TheGoonsmith the Spriggan Enchanter began the quest for the
                  | Orb.
     0 | D:1      | Reached XP level 1. HP: 9/9 MP: 5/5
   144 | D:1      | Reached XP level 2. HP: 9/13 MP: 6/6
   431 | D:1      | Upgraded the game from 0.23-a0-182-g58cdd98 to
                  | 0.23-a0-270-gab6feb3
  1033 | D:1      | Reached skill level 4 in Dodging
  1380 | D:1      | Learned a level 2 spell: Ensorcelled Hibernation
  1383 | D:2      | Noticed Robin
  1731 | D:2      | Reached XP level 3. HP: 16/16 MP: 8/8
  1938 | D:2      | Noticed an ogre
  1948 | D:2      | Killed an ogre
  1948 | D:2      | Reached skill level 5 in Dodging
  1948 | D:2      | Reached XP level 4. HP: 21/21 MP: 9/9
  2043 | D:2      | Reached XP level 5. HP: 24/24 MP: 10/10
  2161 | D:2      | HP: 2/55 [poisoned by an adder]
  2164 | D:2      | Slain by a worm

Vault maps used:
D:1:      minmay_arrival_four_loops
D:2:      minmay_diamond_boxcup, uniq_robin

Skill      XL: |  1  2  3 |
---------------+----------+-----
Short Blades   | 2 3 |  3.7
Dodging        | 4 5 |  5.6
Fighting       | |  0.3
Stealth        | |  4.4
Spellcasting   | |  2.9
Hexes          | |  3.8

Action                   |  1- 3 |  4- 6 || total
-------------------------+-------+-------++-------
Melee: Dagger            |    10 |       ||    10
       Short sword       |   101 |    36 ||   137
 Cast: Ensorcelled Hiber |     3 |     3 ||     6
       Corona            |     1 |       ||     1
  Use: Potion            |       |     3 ||     3
 Stab: Sleeping          |    11 |     1 ||    12
Armor: Robe              |     9 |       ||     9
       Skin              |       |     2 ||     2
Dodge: Dodged            |    89 |    26 ||   115

Table legend:
 A = Non-vault XP
 B = Vault XP
 C = Vault XP percentage of total XP
 D = Non-vault monster count
 E = Vault monster count
 F = Vault count percentage of total count
                 A         B        C        D         E       F
            +---------+---------+-------+---------+---------+-------
      Total |     211 |       7 |   3.2 |      37 |       4 |   9.8
            +---------+---------+-------+---------+---------+-------
        D:1 |      32 |       7 |  17.9 |      18 |       4 |  18.2
        D:2 |     179 |       0 |   0.0 |      19 |       0 |   0.0
            +---------+---------+-------+---------+---------+-------
